 Dungeon Crawl Stone Soup version 0.29-a0-559-g359e09b9d1 (webtiles) character file.

Game seed: 16723165681638514507

409 frimble the Shield-Bearer (level 7, 0/57 HPs)
             Began as a Meteoran Fighter on June 11, 2022.
             Succumbed to an adder's poison
             ... on level 4 of the Dungeon.
             The game lasted 00:05:33 (1435 turns).

frimble the Shield-Bearer (Meteoran Fighter)        Turns: 1435, Time: 00:05:34

Health: 0/57       AC:  9    Str: 17    XL:     7   Next: 36%
Magic:  8/8        EV:  9    Int: 12    God:
Gold:   147        SH:  6    Dex: 14    Spells: 6/6 levels left

rFire   . . .      SeeInvis .   a - +1 war axe
rCold   . . .      Faith    .   c - +0 buckler
rNeg    . . .      Spirit   .   b - +0 scale mail
rPois   .          Reflect  .   (no helmet)
rElec   .          Harm     .   (no cloak)
rCorr   +          Rampage  .   (no gloves)
Will    .....                   n - +1 pair of boots
Stlth   ..........              (no amulet)
HPRegen 0.19/turn               g - ring of resist corrosion
MPRegen 0.11/turn               (no ring)

@: mighty, lethally poisoned (0 -> 0), flying, glowing
A: sense surroundings 1, otherworldly, glowing, explore regen
a: no special abilities


You were on level 4 of the Dungeon.
You visited 1 branch of the dungeon, and saw 4 of its levels.
You also visited: Sewer.

You collected 196 gold pieces.
You spent 49 gold pieces at shops.

Inventory:

Hand Weapons
 a - a +1 war axe (weapon)
Armour
 b - a +0 scale mail (worn)
 c - a +0 buckler (worn)
 n - a +1 pair of boots (worn)
Jewellery
 g - a ring of resist corrosion (left hand)
Scrolls
 e - a scroll of fear
 f - a scroll of enchant weapon
 h - a scroll of magic mapping
 l - a scroll of identify
 p - a scroll of blinking


   Skills:
 - Level 3.3 Fighting
 + Level 6.2 Axes
 - Level 3.7 Armour
 + Level 6.8 Shields


You had 6 spell levels left.
You didn't know any spells.
Your spell library contained the following spells:

 Spells                   Type           Power      Damage    Failure   Level
 Inner Flame              Hex/Fire       0%         N/A       99%         3
 Cause Fear               Hex            0%         N/A       100%        4
 Discord                  Hex            0%         N/A       100%        8


Dungeon Overview and Level Annotations

Branches:
Dungeon (4/15)              Sewer (visited)
 Temple: D:4-7

Altars:
The Shining One

Shops:
D:2 ?

Annotations:
D:4 2 runed translucent doors


Innate Abilities, Weirdness & Mutations

You passively map a small area around you.
You are easily found by Zot.
You glow in the dark.
You regain HP and MP as you explore.


Message History

You feel very mighty all of a sudden. The orc hits you but does no damage.
Something hits you but does no damage. x2
You miss something. You slash something! You hit the orc.
You kill the orc!
Something hits you but does no damage. x2
You slash something! x2
Reactivating autopickup.
You feel a bit more experienced.
The orc priest calls down the wrath of Beogh upon you.
Beogh smites you!
* * * LOW HITPOINT WARNING * * *
Something hits you.
* * * LOW HITPOINT WARNING * * *
Deactivating autopickup; reactivate with Ctrl-A.
You slash something!
Reactivating autopickup.
You feel a bit more experienced. The adder completely misses you.
It was a potion of flight.
You feel very buoyant.
You fly up into the air.
The adder bites you.
* * * LOW HITPOINT WARNING * * *
You are poisoned.
The adder poisons you!
You closely miss the adder. You barely miss the orc priest.
You feel sick. The adder bites you.
* * * LOW HITPOINT WARNING * * *
The orc priest hits you with a +0 flail!
* * * LOW HITPOINT WARNING * * *
The adder closely misses you.
You barely miss the adder. You barely miss the orc priest. You hit something.
You feel sick. Something hits you.
* * * LOW HITPOINT WARNING * * *
Deactivating autopickup; reactivate with Ctrl-A.
The orc priest hits you but does no damage.
The adder bites you but does no damage. Something hits you but does no damage.
The orc priest barely misses you.
You slice the orc priest!!
You kill the orc priest!
You closely miss the adder. You miss something.
You die...

#########
#.......#######
#..........{).#
#...########@)#
#..## ,, ##S#
#..# , ,,*o#
#..# , , .#
#..# , ,.# .#
#..#⌠, .# *.# *
#.o####++# *..
, #....8#..#8
..,
#....+....+.


You could see an adder and an orc.

Vanquished Creatures
  2 bullfrogs (Sewer)
  2 orc priests (D:4)
  2 orc wizards (D:4)
  3 gnolls (D:3)
  7 adders
  A river rat (D:3)
  5 worms
  2 orcs
  6 ball pythons
  4 bats
  15 endoplasms
  8 giant cockroaches
  4 goblins
  A hobgoblin (D:1)
  9 quokkas
  6 frilled lizards (Sewer)
  4 kobolds
  6 rats
87 creatures vanquished.

Notes
Turn   | Place    | Note
-------+----------+-------------------------------------------
     0 | D:1      | frimble the Meteoran Fighter began the quest for the Orb.
     0 | D:1      | Reached XP level 1. HP: 19/19 MP: 2/2
     4 | D:1      | Noticed a minotaur skeleton
   103 | D:1      | Reached XP level 2. HP: 26/26 MP: 3/3
   338 | D:2      | Reached XP level 3. HP: 31/31 MP: 4/4
   557 | D:2      | Found Jimiats's Magic Scroll Shop.
   574 | D:2      | Bought a scroll of magic mapping for 49 gold pieces
   660 | D:3      | Reached XP level 4. HP: 23/38 MP: 5/5
   703 | D:3      | Reached skill level 5 in Shields
   703 | D:3      | Reached XP level 5. HP: 6/45 MP: 6/6
   831 | D:3      | Found a glowing drain.
   836 | Sewer    | Entered a sewer
  1021 | Sewer    | Reached XP level 6. HP: 49/51 MP: 7/7
  1045 | Sewer    | Reached skill level 5 in Axes
  1120 | Sewer    | Reached XP level 7. HP: 21/57 MP: 8/8
  1231 | D:3      | Found a glowing golden altar of the Shining One.
  1403 | D:4      | Found a large runed translucent door.
  1404 | D:4      | Found a large runed translucent door.
  1434 | D:4      | HP: 1/57 [something (2)]
  1435 | D:4      | Succumbed to an adder's poison

Illustrated notes

Levels and vault maps discovered:
D:1:      shiori_arrival_whats_in_store_for_you, layout_loops_ring,
          shapermc_ecumenical_altar_acropolis
D:2:      layout_loops_ring, serial_shops, shop_coins
D:3:      layout_basic, overflow_temple_1_default, lightli_sewer_entry_pipes
D:4:      layout_rooms, old_standard_altar, jmf_multi_god_temple2,
          kennysheep_cluttered_room

Skill      XL: |  1  2  3  4  5  6  7 |
---------------+----------------------+-----
Axes           | 3 4 5 6 |  6.2
Shields        | 4 5 6 |  6.8
Fighting       | |  3.3
Armour         | |  3.7

Action                   |  1- 3 |  4- 6 |  7- 9 || total
-------------------------+-------+-------+-------++-------
Melee: War axe           |    47 |   181 |    39 ||   267
  Use: Scroll            |     1 |     3 |     5 ||     9
       Potion            |       |     2 |     2 ||     4
Armor: Scale mail        |    24 |    94 |    23 ||   141
Dodge: Dodged            |    15 |    86 |    16 ||   117
Block: Buckler           |    11 |    67 |     9 ||    87

Table legend: (Time is in decaauts)
 A = Elapsed time spent in this place.
 B = Non-inter-level travel time spent in this place.
 C = Inter-level travel time spent in this place.
 D = Time resting spent in this place.
 E = Time spent auto-exploring this place.
 F = Levels seen in this place.
 G = Mean time per level.
                   A        B        C        D        E       F      G
               +--------+--------+--------+--------+--------+-----+--------+
         Total |   1613 |   1508 |    105 |      0 |    689 |   5 |  322.6 |
       Dungeon |   1206 |   1101 |    105 |      0 |    661 |   4 |  301.5 |
         Sewer |    406 |    406 |      0 |      0 |     27 |   1 |  406.0 |
               +--------+--------+--------+--------+--------+-----+--------+

Top non-repeatable levels by time:
     D:3: 478 daAuts
     D:2: 466 daAuts
   Sewer: 406 daAuts
     D:1: 200 daAuts
     D:4: 61 daAuts
